 Dungeon Crawl Stone Soup version 0.28-a0-2-g643f2454ad (webtiles) character file.

Game seed: 6948697263728160423

4278 lunkers the Covert (level 10, -2/77 HPs)
             Began as a Vampire Delver on July 21, 2021.
             Was an Initiate of Gozag.
             Slain by a hornet (11 damage)
             ... on level 9 of the Dungeon on July 22, 2021.
             The game lasted 00:18:17 (8448 turns).

lunkers the Covert (Vampire Delver)                 Turns: 8448, Time: 00:18:18

Health: -2/77      AC:  8    Str: 11    XL:     10   Next: 10%
Magic:  10/10      EV: 14    Int: 13    God:    Gozag
Gold:   743        SH:  0    Dex: 19    Spells: 9/9 levels left

rFire   + + .      SeeInvis +   b - +2 scimitar
rCold   . . .      Faith    .   (no shield)
rNeg    . . .      Spirit   .   I - +2 ring mail {rF+}
rPois   .          Reflect  .   (no helmet)
rElec   .          Harm     .   (no cloak)
rCorr   .          Rampage  .   (no gloves)
Will    +....                   y - +0 pair of boots
Stlth   +++++.....              t - amulet of regeneration
HPRegen 1.42/turn               j - ring of protection from fire
MPRegen 0.12/turn               (no ring)

@: healing quickly, slowed, very slow
A: alive, fangs 3, see invisible, vampiric 2
a: Exsanguinate, Renounce Religion, Potion Petition, Call Merchant, Bribe Branch


You were on level 9 of the Dungeon.
You worshipped Gozag.
Gozag was pleased with you.
You visited 2 branches of the dungeon, and saw 10 of its levels.

You collected 885 gold pieces.
You paid 142 gold pieces to Gozag.

Inventory:

Hand Weapons
 a - a +1 short sword of draining
 b - a +2 scimitar (weapon)
 A - a +0 short sword
 J - a +0 hand axe
 K - a +3 dagger
 L - a +3 short sword
Missiles
 D - 3 throwing nets (quivered)
Armour
 o - a +2 leather armour of positive energy
 y - a +0 pair of boots (worn)
 I - a +2 ring mail of fire resistance (worn)
Jewellery
 j - a ring of protection from fire (left hand)
 t - an amulet of regeneration (around neck)
 M - a ring of wizardry
Wands
 g - a wand of digging (3)
 B - a wand of flame (31)
 H - a wand of acid (7)
Scrolls
 c - 4 scrolls of fog
 d - 3 scrolls of magic mapping
 e - a scroll of fear
 i - 2 scrolls of torment
 l - 3 scrolls of teleportation {unknown}
 m - a scroll of summoning
 r - 2 scrolls of immolation {unknown}
 s - 2 scrolls of vulnerability
 v - 3 scrolls of amnesia {unknown}
 x - 3 scrolls of noise {unknown}
 z - a scroll of brand weapon
 C - a scroll of blinking
 G - 6 scrolls of enchant armour {unknown}
 N - a scroll of enchant weapon
Potions
 f - 2 potions of haste
 k - a potion of attraction
 n - 2 potions of ambrosia
 p - a potion of lignification
 q - 2 potions of invisibility
 u - 4 potions of mutation
 w - 2 potions of might
 E - 2 potions of curing
 F - a potion of flight


   Skills:
 + Level 6.9 Fighting
 - Level 10.0 Short Blades
 + Level 8.0 Dodging
 - Level 12.0 Stealth


You had 9 spell levels left.
You didn't know any spells.
Your spell library was empty.

Dungeon Overview and Level Annotations

Branches:
Dungeon (9/15)             Temple (1/1) D:7            Lair (0/6) D:8
    Orc: D:9-12

Altars:
Cheibriados
Dithmenos
Elyvilon
Gozag
Hepliaklqana
Kikubaaqudgha
Makhleb
Nemelex Xobeh
Qazlal
Ru
Sif Muna
Trog
Vehumet
Wu Jian
Xom
Yredelemnul
The Shining One

Annotations:
D:5 Eustachio


Innate Abilities, Weirdness & Mutations

Your natural rate of healing is accelerated.
You have razor-sharp teeth.
You have supernaturally acute eyesight. (SInv)
You are afflicted with vampirism and can become a bat while bloodless.


Message History

You barely miss the hornet. Your bite misses the hornet.
The hornet is severely wounded.
The hornet misses you.
You barely miss the hornet.
The hornet is severely wounded.
The hornet closely misses you. The hornet barely misses you.
You riposte.
You hit the hornet.
The hornet is severely wounded.
You barely miss the hornet. Your bite misses the hornet.
The hornet is severely wounded.
The hornet stings you.
* * * LOW HITPOINT WARNING * * *
You feel yourself slow down. The hornet stings you.
* * * LOW HITPOINT WARNING * * *
You feel as though you will be slow longer.
You miss the hornet.
The hornet is severely wounded.
The hornet stings you.
* * * LOW HITPOINT WARNING * * *
You feel as though you will be slow longer.
The hornet barely misses you.
You closely miss the hornet.
The hornet is severely wounded.
The hornet stings you!
* * * LOW HITPOINT WARNING * * *
You suddenly lose the ability to move!
An orc comes into view. It is wielding a +0 dagger.
The hornet stings you but does no damage.
The hornet stings you!
* * * LOW HITPOINT WARNING * * *
You feel as though you will be slow longer.
The orc moves out of view.
You can move again.
Aiming: Corrosive Bolt
Press: ? - help, Shift-Dir - straight line, f/p - hornet
Aim: a hornet (severely wounded, 57% to hit)
The bolt of acid misses the hornet.
The hornet closely misses you. The hornet stings you!
You die...
Your body crumbles into a pile of gold.

#.......ยง.........#
#........o.####...#
#..........# #...#
#..........# #...# ..#
#..........# #...# ..#
.......#..# #...# ..#
#......#..# #...# ..#####.
#.y....#..# #.... ........
#... #@.....#..####..##
........ #...
#......#......>.# ........
#... #......#........#
........ #...
#......#...###..# ........
#... #......#...# #..#
......... #...##..........#
#..##
.........##...............#
#....
..................##..##..#
#....
...........>......##..##..#
#....


You could see a hornet and an orc (wandering).

Vanquished Creatures
  Harold (D:7)
  Grinder (D:6)
  5 yaks (D:8)
  A vampire (D:8)
  An orc warrior (D:7)
  3 ice beasts
  An ogre (D:4)
  3 centaurs
  A phantom (D:6)
  2 kobold brigands
  3 bullfrogs
  A wyvern zombie (D:7)
  A scorpion (D:5)
  A water moccasin zombie (D:6)
  10 wights (D:8)
  2 howler monkeys
  A bullfrog zombie (D:7)
  2 centaur zombies
  A bullfrog skeleton (D:6)
  A hound (D:5)
  2 jellies
  5 orc priests
  A centaur skeleton (D:7)
  2 iguanas (D:7)
  Jessica (D:2)
  4 orc wizards
  A howler monkey zombie (D:7)
  2 howler monkey skeletons (D:7)
  10 adders
  A white imp (D:7)
  An ufetubus (D:7)
  An adder skeleton (D:4)
  A worm (D:3)
  A dart slug (D:5)
  12 orcs
  4 ball pythons
  7 bats
  2 endoplasms
  2 giant cockroaches (D:1)
  2 goblins (D:2)
  4 hobgoblins
  5 jackals
  2 quokkas
  2 frilled lizards (D:1)
  7 kobolds
  5 rats
129 creatures vanquished.

Vanquished Creatures (others)
  3 plants (D:3)
3 creatures vanquished.

Grand Total: 132 creatures vanquished

Notes
Turn   | Place    | Note
-------+----------+-------------------------------------------
     0 | D:5      | lunkers the Vampire Delver began the quest for the Orb.
     0 | D:5      | Reached XP level 1. HP: 17/17 MP: 1/1
    19 | D:5      | Found an ornate altar of the Wu Jian Council.
    25 | D:5      | Noticed a spectral centipede
    25 | D:5      | Noticed a spectral black mamba
    25 | D:5      | Noticed a spectral scorpion
    25 | D:5      | Noticed a spectral cane toad
   123 | D:4      | Noticed Grinder
   184 | D:4      | Noticed an ogre
   193 | D:4      | Killed an ogre
   194 | D:4      | Reached skill level 8 in Stealth
   194 | D:4      | Reached XP level 2. HP: 23/23 MP: 2/2
   194 | D:4      | Gained mutation: You are afflicted with vampirism and can
                  | become a bat while bloodless. [Vampire growth]
   194 | D:4      | Reached XP level 3. HP: 28/28 MP: 3/3
   194 | D:4      | Reached XP level 4. HP: 34/34 MP: 4/4
   279 | D:4      | Upgraded the game from 0.27-a0-1612-gde56a17b89 to
                  | 0.28-a0-2-g643f2454ad
   445 | D:4      | Paralysed by Grinder for 6 turns
   453 | D:4      | Paralysed by Grinder for 5 turns
  1657 | D:2      | Noticed Jessica
  1665 | D:2      | Killed Jessica
  1666 | D:2      | Reached skill level 5 in Short Blades
  1666 | D:2      | Reached XP level 5. HP: 30/39 MP: 5/5
  2153 | D:2      | Found a faded altar of an unknown god.
  3100 | D:3      | Reached skill level 9 in Stealth
  3394 | D:5      | Reached XP level 6. HP: 46/46 MP: 6/6
  3818 | D:5      | Found a sacrificial altar of Ru.
  3992 | D:5      | Found a sparkling altar of Nemelex Xobeh.
  3994 | D:5      | Found a snail-covered altar of Cheibriados.
  3994 | D:5      | Found a radiant altar of Vehumet.
  4080 | D:5      | Noticed Eustachio
  4393 | D:6      | Reached XP level 7. HP: 17/51 MP: 7/7
  4501 | D:6      | Reached skill level 10 in Stealth
  4625 | D:6      | Found a shimmering altar of Xom.
  4925 | D:6      | Killed Grinder
  4926 | D:6      | Reached skill level 11 in Stealth
  4926 | D:6      | Reached XP level 8. HP: 40/58 MP: 8/8
  5214 | D:7      | Noticed Harold
  5258 | D:7      | Killed Harold
  5296 | D:7      | Reached XP level 9. HP: 34/65 MP: 9/9
  5422 | D:7      | Found a staircase to the Ecumenical Temple.
  5438 | Temple   | Entered the Ecumenical Temple
  5549 | Temple   | Became a worshipper of Gozag Ym Sagoz the Greedy
  5604 | D:7      | Reached skill level 10 in Short Blades
  6387 | D:7      | Reached skill level 12 in Stealth
  6423 | D:7      | Reached skill level 5 in Dodging
  6781 | D:7      | Reached skill level 5 in Fighting
  7486 | D:8      | Found a staircase to the Lair.
  7761 | D:8      | Found a basalt altar of Yredelemnul.
  7873 | D:8      | Identified the +1 scale mail of Keiddeh {Rampage Str+5
                  | SInv}
  8323 | D:8      | Reached XP level 10. HP: 41/77 MP: 10/10
  8447 | D:9      | Paralysed by a hornet for 1 turns
  8448 | D:9      | Slain by a hornet

Illustrated notes

Levels and vault maps discovered:
D:1:      dpeg_arrival_fog, layout_loops_cross
D:2:      layout_basic, shapermc_ecumenical_altar_hornbeckon, st_stairs_11,
          uniq_jessica
D:3:      layout_loops_ring, serial_forest, infiniplex_forest_straight_3,
          infiniplex_forest_lined_3, infiniplex_forest_lined_2,
          infiniplex_forest_lined_2, infiniplex_forest_join,
          infiniplex_forest_clump_curved, infiniplex_forest_straight_2,
          infiniplex_forest_lined_room_2
D:4:      layout_cave_pools, minmay_fractal_squares_gapless_5, uniq_grinder
D:5:      layout_basic, mainiacjoe_overflow_alcove_3, nicolae_ru_awakened_eye,
          pdpol_wu_jian_five_deadly_venoms, uniq_eustachio
D:6:      layout_gridville, mainiacjoe_overflow_alcove_2
D:7:      minmay_razor_zed, layout_layer_cave,
          minmay_temple_entry_statues_fountains, uniq_harold
D:8:      layout_basic, mainiacjoe_overflow_paths, lair_entry_dummy
D:9:      layout_long_grid, david_orc_3, chequers_serial_rivers_room_a,
          laboratory
Temple:   kb_temple_of_zot

Skill      XL: |  1  2  3  4  5  6  7  8  9 10 |
---------------+-------------------------------+-----
Short Blades   | 4 5 7 8 9 10 | 10.0
Stealth        | 8 9 11 12 | 12.0
Fighting       | 3 4 6 |  6.9
Dodging        | 4 7 8 |  8.0

Action                   |  1- 3 |  4- 6 |  7- 9 | 10-12 || total
-------------------------+-------+-------+-------+-------++-------
Melee: Short sword       |     4 |   280 |   330 |       ||   614
       Bite              |     1 |    27 |    62 |     3 ||    93
       Scimitar          |       |       |    97 |    19 ||   116
Evoke: Wand              |       |       |       |     3 ||     3
  Use: Scroll            |       |     6 |     9 |     2 ||    17
       Potion            |       |     2 |       |       ||     2
 Stab: Sleeping          |     1 |    22 |    15 |     1 ||    39
       Distracted        |       |       |     2 |       ||     2
Armor: Leather armour    |       |    64 |    37 |       ||   101
       Skin              |       |     5 |       |       ||     5
       Ring mail         |       |       |    35 |     5 ||    40
Dodge: Dodged            |     1 |   162 |   174 |    16 ||   353
       Rpst.: Scimitar   |       |       |    17 |     9 ||    26

Table legend: (Time is in decaauts)
 A = Elapsed time spent in this place.
 B = Non-inter-level travel time spent in this place.
 C = Inter-level travel time spent in this place.
 D = Time resting spent in this place.
 E = Time spent auto-exploring this place.
 F = Levels seen in this place.
 G = Mean time per level.
                   A        B        C        D        E       F      G
               +--------+--------+--------+--------+--------+-----+--------+
         Total |   8305 |   7836 |    469 |    222 |   5953 |  10 |  830.5 |
       Dungeon |   8163 |   7743 |    420 |    222 |   5865 |   9 |  907.0 |
        Temple |    141 |     92 |     49 |      0 |     88 |   1 |  141.0 |
               +--------+--------+--------+--------+--------+-----+--------+

Top non-repeatable levels by time:
     D:7: 1749 daAuts
     D:8: 1111 daAuts
     D:6: 1088 daAuts
     D:3: 944 daAuts
     D:5: 930 daAuts
     D:4: 826 daAuts
     D:2: 713 daAuts
     D:1: 655 daAuts
     D:9: 143 daAuts
  Temple: 141 daAuts
